 Dungeon Crawl Stone Soup version 0.32-a0-818-gb728d0252e (webtiles) character file.

Game seed: 15231792958492996890

7858 Alarak the Spear-Bearer (level 11, -1/86 HPs)
             Began as a Merfolk Gladiator on Mar 25, 2024.
             Was a Priest of Okawaru.
             Slain by a tengu conjurer
             ... wielding a +2 halberd of venom
              (9 damage)
             ... on level 9 of the Dungeon.
             The game lasted 00:30:24 (11557 turns).

Alarak the Spear-Bearer (Merfolk Gladiator)        Turns: 11557, Time: 00:30:26

Health: -1/86      AC: 15    Str: 18    XL:     11   Next: 21%
Magic:  14/14      EV: 25    Int:  7    God:    Okawaru [***...]
Gold:   647        SH:  0    Dex: 23    Spells: 10/10 levels left

rFire   . . .        v - +1 spear (vamp)
rCold   . . .        (no shield)
rNeg    . . .        t - +0 steam dragon scales
rPois   .            c - +0 helmet
rElec   .            C - +2 cloak
rCorr   .            (no gloves)
SInv    .            n - +1 pair of boots
Will    .....        (no amulet)
Stlth   +++          i - +6 ring of dexterity
HPRegen 0.34/turn    (no ring)
MPRegen 0.14/turn

%: no passive effects
@: heroic
A: (nimble swimmer 2), mertail
a: Renounce Religion, Heroism


You were on level 9 of the Dungeon.
You worshipped Okawaru.
Okawaru was most pleased with you.
You visited 2 branches of the dungeon, and saw 10 of its levels.

You collected 647 gold pieces.

Inventory:

Hand Weapons
 v - a +1 vampiric spear (weapon)
 D - a +0 halberd of venom
 E - a +2 trident
Missiles
 d - 5 throwing nets (quivered)
 e - 5 javelins
 s - 17 poisoned darts
 w - 4 curare-tipped darts
Armour
 c - a +0 helmet (worn)
 k - a +0 ring mail
 n - a +1 pair of boots (worn)
 q - a +0 cloak
 t - +0 steam dragon scales (worn)
 B - a +1 ring mail of poison resistance
 C - a +2 cloak (worn)
Jewellery
 i - a +6 ring of dexterity (left hand)
 y - a ring of poison resistance
Wands
 a - a wand of polymorph (1)
 G - a wand of digging (6)
Scrolls
 h - 3 scrolls of teleportation
 j - a scroll of blinking
 r - 3 scrolls of fog
 u - a scroll of enchant armour
 F - 3 scrolls of amnesia {unknown}
Potions
 b - a potion of degeneration
 f - a potion of lignification
 g - 3 potions of curing
 m - a potion of heal wounds {unknown}
 o - a potion of mutation
 p - 6 potions of haste {unknown}
 x - a potion of brilliance {unknown}
 z - a potion of attraction {unknown}
 A - a potion of invisibility {unknown}


   Skills:
 - Level 8.2(13.2) Fighting
 + Level 12.8(17.8) Polearms
 - Level 2.0(7.0) Throwing
 - Level 6.1(11.1) Armour
 - Level 11.3(16.3) Dodging
 - Level 4.5 Invocations


You had 10 spell levels left.
You didn't know any spells.
Your spell library contained the following spells:

 Spells                   Type           Power      Damage    Failure   Level
 Apportation              Tloc           0%         N/A       43%         1
 Magic Dart               Conj           0%         1d3       43%         1
 Slow                     Hex            0%         N/A       43%         1
 Sting                    Conj/Alch      0%         1d3       43%         1
 Mercury Vapours          Alch/Air       0%         N/A       56%         2
 Searing Ray              Conj           0%         2d4       56%         2
 Confusing Touch          Hex            0%         N/A       80%         3
 Stone Arrow              Conj/Erth      0%         3d7       80%         3
 Vampiric Draining        Necr           0%         2d6       80%         3
 Fulminant Prism          Conj/Alch      0%         3d5       99%         4
 Olgreb's Toxic Radiance  Alch           0%         N/A       99%         4
 Curse of Agony           Necr           0%         N/A       100%        5
 Martyr's Knell           Necr/Summ      Unusable   N/A       N/A         4

Dungeon Overview and Level Annotations

Branches:
Dungeon (9/15)             Temple (1/1) D:4            Lair (0/5) D:8
    Orc: D:9-12

Altars:
Ashenzari
Cheibriados
Dithmenos
Elyvilon
Fedhas
Gozag
Hepliaklqana
Kikubaaqudgha
Nemelex Xobeh
Okawaru
Qazlal
Ru
Sif Muna
Trog
Uskayaw
Vehumet
Wu Jian
Yredelemnul
Zin
The Shining One

Shops:
D:1 =   D:3 [


Innate Abilities, Weirdness & Mutations

((You are very nimble when in or above water. (Stealth+, EV+, Speed+++)))
Your lower body shifts to a powerful aquatic tail in water.


Message History

Aim: a tengu conjurer, wielding a +2 halberd of venom (almost dead, about 39% to evade your +1 vampiric spear)
You reach to attack!
You miss the tengu conjurer.
The tengu conjurer is almost dead.
The tengu conjurer casts a spell at you.
The lance of force misses you.
The battlesphere fires!
The barrage of energy hits you but does no damage.
The gargoyle closely misses you.
Reach: v) +1 spear (vamp)
Press: ? - help, Dir - move target, f/p - tengu conjurer
Aim: a tengu conjurer, wielding a +2 halberd of venom (almost dead, about 39% to evade your +1 vampiric spear)
You reach to attack!
You hit the tengu conjurer.
The tengu conjurer is almost dead.
Reach: v) +1 spear (vamp)
Press: ? - help, Dir - move target, f/p - tengu conjurer
Aim: a tengu conjurer, wielding a +2 halberd of venom (almost dead, about 39% to evade your +1 vampiric spear)
You reach to attack!
You hit the tengu conjurer but do no damage.
The tengu conjurer is almost dead.
The tengu conjurer casts a spell at you.
The lance of force hits you!
* * * LOW HITPOINT WARNING * * *
You are knocked back by the lance of force.
You slam into the stone wall.
* * * LOW HITPOINT WARNING * * *
The battlesphere fires!
The barrage of energy hits you!
* * * LOW HITPOINT WARNING * * *
The gargoyle hurls a stone arrow at you.
The stone arrow misses you.
Reach: v) +1 spear (vamp)
Press: ? - help, Dir - move target, f/p - tengu conjurer
Aim: a tengu conjurer, wielding a +2 halberd of venom (almost dead, about 39% to evade your +1 vampiric spear)
You reach to attack!
You miss the tengu conjurer.
The tengu conjurer is almost dead.
Reach: v) +1 spear (vamp)
Press: ? - help, Dir - move target, f/p - tengu conjurer
Aim: a tengu conjurer, wielding a +2 halberd of venom (almost dead, about 39% to evade your +1 vampiric spear)
You reach to attack!
You closely miss the tengu conjurer.
The tengu conjurer is almost dead.
The tengu conjurer hits you from afar with a +2 halberd of venom!
You die...

######...........##
#.#.####...
..##..####..#..#####.#.#
#...
..##..................#
#...
#..##..#######..#.#####
##.. #..#.##)....##...#
##. ##.###*##..#.##.(#
##
#.#.#.##*Q.##.##.##### #
##...##....9#..#.....#
##JQ..†##..)@# .#.###.#
####9k#....##..)# .#.#
.#.#..##...##..).# #.#
..#..####.##....)# #.#
##.....###.##...## ##.#
.##..#..###9##..#.##..#
##.[#.#..###K)...##..##
#..#...#..########...##
..#..#..#..#..........#


You could see a tengu conjurer, a gargoyle and a battlesphere.

Vanquished Creatures
  A two-headed ogre (D:9)
  Pikel (D:6)
  A freezing wraith (D:9)
  Psyche (D:9)
  3 trolls (D:9)
  A hornet (D:8)
  A wyvern (D:9)
  5 yaks (D:9)
  A steam dragon (D:8)
  A water moccasin (D:6)
  3 orc warriors
  3 black bears
  An ice beast (D:7)
  A sky beast (D:7)
  An ogre (D:4)
  2 wolves (D:8)
  6 centaurs
  2 kobold brigands (D:9)
  2 phantoms (D:6)
  Blork the orc (D:5)
  A bullfrog (D:9)
  2 gnoll sergeants (D:8)
  2 scorpions
  8 wights (D:6)
  9 killer bees
  3 howler monkeys
  A jelly (D:7)
  A bombardier beetle (D:4)
  2 hounds
  11 orc priests
  4 gnoll boudas
  Crazy Yiuf (D:5)
  15 orc wizards
  2 sleepcaps
  2 iguanas
  15 gnolls
  9 adders
  A shadow imp (D:8)
  4 ufetubi
  A ribbon worm (D:5)
  2 dart slugs
  41 orcs
  5 endoplasms
  2 giant cockroaches (D:4)
  4 hobgoblins
  3 jackals (D:2)
  5 kobolds
  4 quokkas
  6 ball pythons
  4 bats
  4 frilled lizards
  3 goblins
  2 rats
217 creatures vanquished.

Vanquished Creatures (others)
  2 gnolls (D:8)
2 creatures vanquished.

Grand Total: 219 creatures vanquished

Notes
Turn   | Place    | Note
-------+----------+-------------------------------------------
     0 | D:1      | Alarak the Merfolk Gladiator began the quest for the Orb.
     0 | D:1      | Reached XP level 1. HP: 16/16 MP: 1/1
   305 | D:1      | Reached XP level 2. HP: 22/22 MP: 2/2
   469 | D:1      | Found Peuw's Jewellery Shop.
   630 | D:1      | Found a faded altar of an unknown god.
   806 | D:1      | Reached skill level 5 in Polearms
  1102 | D:2      | Reached XP level 3. HP: 27/27 MP: 3/3
  1384 | D:2      | Reached skill level 6 in Polearms
  1565 | D:3      | Found Reshoq's Antique Armour Shop.
  1579 | D:3      | Reached XP level 4. HP: 32/33 MP: 4/4
  1803 | D:3      | Reached skill level 7 in Polearms
  1806 | D:3      | Reached XP level 5. HP: 33/38 MP: 5/5
  1903 | D:3      | Reached skill level 8 in Polearms
  1974 | D:3      | Found an ancient bone altar of Kikubaaqudgha.
  1978 | D:3      | Found a shimmering blue altar of Sif Muna.
  1984 | D:3      | Found a radiant altar of Vehumet.
  1989 | D:3      | Got Sif Muna's Incunable of the Jaunt
  2509 | D:4      | Noticed an ogre
  2522 | D:4      | Killed an ogre
  2523 | D:4      | Reached skill level 9 in Polearms
  2523 | D:4      | Reached XP level 6. HP: 44/44 MP: 6/6
  2529 | D:4      | Found a staircase to the Ecumenical Temple.
  2534 | D:4      | Noticed a black bear
  2538 | Temple   | Entered the Ecumenical Temple
  2607 | D:4      | Killed a black bear
  2833 | D:1      | Prayed at the altar of an unknown god.
  2833 | D:1      | Became a worshipper of Warmaster Okawaru
  2833 | D:1      | Reached * piety under Okawaru
  2951 | D:4      | Reached skill level 1 in Invocations
  2974 | D:4      | Reached XP level 7. HP: 26/50 MP: 6/8
  3355 | D:4      | Found an ornate altar of the Wu Jian Council.
  3458 | D:5      | Entered Level 5 of the Dungeon
  3566 | D:5      | Noticed Blork the orc
  3835 | D:5      | Found a hazy altar of Hepliaklqana.
  4273 | D:5      | Found a runed translucent door.
  4274 | D:5      | Noticed Crazy Yiuf
  4403 | D:5      | Found a glowing silver altar of Zin.
  4413 | D:5      | Reached XP level 8. HP: 23/60 MP: 8/11
  4571 | D:5      | Found a shadowy altar of Dithmenos.
  4855 | D:5      | Killed Crazy Yiuf
  4856 | D:5      | Reached skill level 5 in Fighting
  5497 | D:5      | Found a glowing silver altar of Zin.
  5509 | D:5      | Found a shadowy altar of Dithmenos.
  5757 | D:5      | Killed Blork the orc
  5921 | D:5      | Found a hazy altar of Hepliaklqana.
  6233 | D:6      | Noticed Pikel
  6247 | D:6      | Killed Pikel
  6247 | D:6      | Reached ** piety under Okawaru
  6255 | D:6      | Reached XP level 9. HP: 59/69 MP: 10/12
  6362 | D:6      | Reached skill level 1 in Armour
  7071 | D:6      | You fall into a shaft and drop 2 floors!
  7410 | D:8      | Reached skill level 5 in Armour
  7642 | D:8      | Noticed a hornet
  7649 | D:8      | Paralysed by a hornet for 1 turns
  7667 | D:8      | Paralysed by a hornet for 2 turns
  7675 | D:8      | Killed a hornet
  7853 | D:8      | Found a staircase to the Lair.
  7944 | D:8      | Reached XP level 10. HP: 63/76 MP: 13/13
  8071 | D:8      | Identified the +0 mace of the Wasteland {flame, SInv}
  8167 | D:8      | Identified the +1 scale mail "Guink" {rF++ Will++ Slay-4}
  8957 | D:6      | Reached skill level 10 in Dodging
  9822 | D:7      | Found a hide-covered altar of Uskayaw.
  9971 | D:7      | Found a stormy altar of Qazlal.
 10376 | D:9      | Noticed Psyche
 10404 | D:9      | Killed Psyche
 10777 | D:9      | Reached *** piety under Okawaru
 10992 | D:9      | Reached skill level 10 in Polearms
 11055 | D:9      | Found a broken altar of Ashenzari.
 11055 | D:9      | Found a blossoming altar of Fedhas.
 11262 | D:9      | Reached skill level 11 in Polearms
 11262 | D:9      | Reached XP level 11. HP: 46/86 MP: 12/14
 11388 | D:9      | Noticed a two-headed ogre
 11440 | D:9      | Reached skill level 12 in Polearms
 11454 | D:9      | Killed a two-headed ogre
 11524 | D:9      | Got the Papyrus of Amathomancy and the Grave
 11525 | D:9      | Identified the +0 ring mail of Wu Jian's Displeasure {rElec
                  | Str+6}
 11557 | D:9      | Slain by a tengu conjurer

Illustrated notes

Levels and vault maps discovered:
D:1:      shiori_arrival_maze, layout_loops_corners,
          shapermc_ecumenical_altar_ellora, serial_shops, shop,
          nrook_mini_backslash, chequers_serial_rivers_marsh,
          due_unseen_surprise
D:2:      layout_rooms, chequers_serial_rivers_micro_e
D:3:      layout_rooms, grunt_temple_overflow_magic_moments, serial_shops, shop
D:4:      layout_loops_ring, nzn_wu_jian_council_hall,
          minmay_temple_entry_wispy, st_stairs_6, eino_tiny_chamber
D:5:      layout_basic, general_overflow_altar,
          mainiacjoe_overflow_large_starburst, serial_co_window_serial,
          co_window_paths_a, co_window_corner_a, co_window_paths_b,
          co_window_paths_b, co_window_paths_b, co_window_broadway_c,
          co_window_corner_cb, co_window_2corner, co_window_broadway_b,
          co_window_corner_b, co_window_corner_cb, glass_columns_a,
          glass_columns_a, uniq_crazy_yiuf_cottage, uniq_blork_the_orc
D:6:      layout_gridville, uniq_pikel
D:7:      layout_basic, lemuel_round_altar, kennysheep_little_box
D:8:      layout_basic, erik_lair_orcish_takeover
D:9:      minmay_the_grid_octo_triangle [minmay_the_grid_octo_fat_diamond,
          minmay_the_grid_octo_prize_ultimate_mussel_roller,
          minmay_the_grid_octo_thin_diamonds], layout_loops_ring,
          bloody_makhleb, gammafunk_temple_overflow_statue,
          kennysheep_big_empty_room, uniq_psyche
Temple:   grunt_temple_mini_profane

Skill      XL: |  1  2  3  4  5  6  7  8  9 10 11 |
---------------+----------------------------------+-----
Polearms       | 5 6 7 9 11 12 | 12.8
Invocations    | 1 4 |  4.5
Fighting       | 4 6 8 |  8.2
Dodging        | 8 11 | 11.3
Armour         | 6 |  6.1
Throwing       | |  2.0

Action                     |  1- 3 |  4- 6 |  7- 9 | 10-12 || total
---------------------------+-------+-------+-------+-------++-------
  Melee: Trident           |   114 |   145 |   301 |       ||   560
         Spear             |       |       |   119 |   721 ||   840
         Halberd           |       |       |    15 |    33 ||    48
         Unarmed           |       |       |       |     5 ||     5
 Invoke: Heroism           |       |       |    12 |     8 ||    20
    Use: Potion            |       |     2 |       |     3 ||     5
         Scroll            |       |     9 |     6 |     4 ||    19
   Stab: Sleeping          |       |       |     1 |     4 ||     5
 Armour: Leather armour    |    18 |       |       |       ||    18
         Ring mail         |    30 |    86 |   161 |       ||   277
         Steam dragon scal |       |       |    30 |   256 ||   286
         Skin              |       |       |       |     4 ||     4
  Dodge: Dodged            |    50 |   108 |   253 |   602 ||  1013

Table legend: (Time is in decaauts)
 A = Elapsed time spent in this place.
 B = Non-inter-level travel time spent in this place.
 C = Inter-level travel time spent in this place.
 D = Time resting spent in this place.
 E = Time spent auto-exploring this place.
 F = Levels seen in this place.
 G = Mean time per level.
                   A        B        C        D        E       F      G
               +--------+--------+--------+--------+--------+-----+--------+
         Total |  11092 |  10208 |    884 |   1179 |   7237 |  10 | 1109.2 |
       Dungeon |  11032 |  10206 |    826 |   1179 |   7237 |   9 | 1225.8 |
        Temple |     60 |      2 |     58 |      0 |      0 |   1 |   60.0 |
               +--------+--------+--------+--------+--------+-----+--------+

Top non-repeatable levels by time:
     D:5: 2442 daAuts
     D:6: 1491 daAuts
     D:9: 1413 daAuts
     D:8: 1370 daAuts
     D:1: 1148 daAuts
     D:7: 929 daAuts
     D:3: 912 daAuts
     D:4: 828 daAuts
     D:2: 494 daAuts
  Temple: 60 daAuts
